 Dungeon Crawl Stone Soup version 0.32-a0-711-g016ad743e0 (webtiles) character file.

Game seed: 17646031560908858567

700 ezpacito the Trooper (level 7, -1/82 HPs)
             Began as a Coglin Chaos Knight on Mar 16, 2024.
             Was a Plaything of Xom.
             Slain by a killer bee (3 damage)
             ... on level 6 of the Dungeon.
             The game lasted 00:04:46 (2883 turns).

ezpacito the Trooper (Coglin Chaos Knight)          Turns: 2883, Time: 00:04:47

Health: -1/82      AC: 23    Str: 15    XL:     7   Next: 65%
Magic:  9/9        EV:  2    Int: 11    God:    Xom [..*...]
Gold:   149        SH:  0    Dex: 13    Spells: 9/9 levels left

rFire   + . .        l - +3 hand axe (vamp) {Josefina}
rCold   + . .        k - +2 dagger (venom) {Kun}
rNeg    . . .        p - melded +5 chain mail {Will+}
rPois   +            (helmet currently unavailable)
rElec   +            (cloak currently unavailable)
rCorr   +            (gloves currently unavailable)
SInv    .            (boots currently unavailable)
Will    .....        (no amulet)
Stlth   ++           (no ring)
HPRegen 0.33/turn    (no ring)
MPRegen 0.11/turn    (no gizmo)

%: no passive effects
@: tree-form, resistant, attractive
A: stationary, stasis, torment immunity, boosted hp, off-hand wielding, slow
wielding, warmup strikes, (no jewellery)
a: Invent Gizmo, Renounce Religion


You were on level 6 of the Dungeon.
You worshipped Xom.
You were a toy of Xom.
You were a tree.
You visited 1 branch of the dungeon, and saw 4 of its levels.

You collected 149 gold pieces.

Inventory:

Hand Weapons
 a - a +0 hand axe of chaos {Hajoon}
 k - a +2 dagger of venom (offhand) {Kun}
 l - a +3 vampiric hand axe (weapon) {Josefina}
 r - a +1 hand axe of electrocution
Missiles
 b - 9 poisoned darts
 n - 2 boomerangs (quivered)
 o - 6 silver javelins
Armour
 p - a +5 chain mail of willpower (melded)
Magical Staves
 m - a staff of earth
Wands
 e - a wand of mindburst (16)
Scrolls
 j - 2 scrolls of vulnerability


   Skills:
 * Level 4.5 Fighting
 * Level 4.3(4.6) Axes
 + Level 2.0(3.2) Polearms
 * Level 3.3 Armour
 * Level 2.9 Dodging
 + Level 2.0 Stealth
 + Level 1.7 Spellcasting
 + Level 2.0 Evocations


You had 9 spell levels left.
You didn't know any spells.
Your spell library contained the following spells:

 Spells                   Type           Power      Damage    Failure   Level
 Passage of Golubria      Tloc           0%         N/A       96%         4
 Silence                  Hex/Air        0%         N/A       100%        5
 Lehudib's Crystal Spear  Conj/Erth      0%         10d2      100%        8


Dungeon Overview and Level Annotations

Branches:
Dungeon (3/15)

Altars:
Okawaru
Yredelemnul


Innate Abilities, Weirdness & Mutations

You are a tree.
Your roots penetrate the ground, keeping you stationary.
You cannot be teleported.
You are immune to unholy pain and torment.
Your maximum health is greatly increased.
Your equipment is partially melded.
You can wield a second weapon in your off-hand.
It takes a long time for you to wield or remove held weapons.
Your first few attacks do less damage.
((You cannot equip rings or amulets.))


Message History

The killer bee stings you but does no damage.
It was a potion of lignification.
You turn into a tree.
Your +5 chain mail of willpower melds into your body.
You feel less strong-willed.
Your roots penetrate the ground.
You hear the slow rusting of a very distant drain.
The killer bee stings you but does no damage.
The killer bee stings you.
* * * LOW HITPOINT WARNING * * *
You now have 4/82 hp.
It was a potion of resistance.
You feel protected.
Xom thinks this is hilarious!
Xom grants you a minor favour.
You feel more attractive to monsters.
The killer bee stings you but does no damage.
The killer bee stings you.
* * * LOW HITPOINT WARNING * * *
You take 3 damage, and have 1/82 hp.
Aiming: Mindburst
Press: ? - help, Shift-Dir - straight line, f/p - killer bee
Aim: a killer bee (chance to affect: 79%)
The killer bee's mind is blasted!
You blow up the killer bee!
The killer bee stings you but does no damage.
Your Evocations skill increases to level 2!
Aiming: Mindburst
Press: ? - help, Shift-Dir - straight line, f/p - killer bee
Aim: a killer bee (chance to affect: 80%)
The killer bee's mind is blasted!!
You blow up the killer bee!
The killer bee stings you but does no damage.
Your base Polearms skill increases to level 2!
Your Stealth skill increases to level 2!
Aiming: Mindburst
Press: ? - help, Shift-Dir - straight line, f/p - killer bee
Aim: a killer bee (chance to affect: 80%)
The killer bee's mind is blasted!!
You blow up the killer bee!
The killer bee stings you.
You die...
Xom cackles wildly!

... ### .... #.. ...
####### #.# #.# # #
#..)..# #.###.##.##.#
#.###)######.##.......
#.#......y♣..##..##.#
#.#.#.#####.........#
#.)..§########.....##
##........# ##...##
#.§#####.# ##.## #..##
#†# #.y§## #.# #§.§.#
# ##b## #y§§§###.#
##bbb##


You could see a killer bee.

Vanquished Creatures
  2 yaks (D:6)
  A scorpion (D:6)
  3 killer bees (D:6)
  A bombardier beetle (D:3)
  Ijyb (D:3)
  3 orc wizards
  A gnoll (D:3)
  5 adders
  3 dart slugs
  A ribbon worm (D:3)
  6 orcs
  2 ball pythons (D:2)
  2 bats
  7 endoplasms
  A giant cockroach (D:1)
  3 goblins
  5 hobgoblins
  13 jackals
  4 quokkas
  3 frilled lizards
  3 kobolds
  10 rats
80 creatures vanquished.

Notes
Turn   | Place    | Note
-------+----------+-------------------------------------------
     0 | D:1      | ezpacito the Coglin Chaos Knight began the quest for the
                  | Orb.
     0 | D:1      | Reached XP level 1. HP: 18/18 MP: 1/1
    66 | D:1      | Reached skill level 1 in Dodging
   105 | D:1      | Reached XP level 2. HP: 24/24 MP: 2/2
   251 | D:1      | XOM: silly message
   298 | D:1      | XOM: divination: detect items
   333 | D:1      | XOM: smoke on damage
   657 | D:1      | XOM: scenery: 1 doors close
   668 | D:1      | Reached XP level 3. HP: 29/29 MP: 3/3
   886 | D:1      | Found a faded altar of an unknown god.
   977 | D:2      | XOM: divination: detect creatures
  1191 | D:2      | Reached XP level 4. HP: 35/35 MP: 5/5
  1273 | D:2      | Reached skill level 1 in Stealth
  1369 | D:2      | Found an iron altar of Okawaru.
  1913 | D:3      | XOM: butterfly on damage
  2008 | D:3      | XOM: smoke on damage
  2012 | D:3      | Reached skill level 1 in Polearms
  2151 | D:3      | Reached XP level 5. HP: 41/41 MP: 6/6
  2158 | D:3      | Reached skill level 1 in Spellcasting
  2200 | D:3      | Noticed Ijyb
  2204 | D:3      | XOM: enchant monster (bad)
  2213 | D:3      | Killed Ijyb
  2684 | D:3      | XOM: divination: detect creatures
  2723 | D:3      | XOM: 1-stop teleportation journey
  2762 | D:3      | You fall into a shaft and drop 3 floors!
  2773 | D:6      | Found a basalt altar of Yredelemnul.
  2777 | D:6      | Noticed a yak
  2777 | D:6      | Noticed a yak
  2781 | D:6      | Noticed a yak
  2783 | D:6      | Noticed a yak
  2785 | D:6      | XOM: enchant monster (good)
  2785 | D:6      | Noticed a yak
  2785 | D:6      | XOM: butterfly on damage
  2789 | D:6      | Killed a yak
  2790 | D:6      | Reached skill level 1 in Evocations
  2790 | D:6      | Reached XP level 6. HP: 26/48 MP: 7/7
  2794 | D:6      | Killed a yak
  2795 | D:6      | Reached XP level 7. HP: 19/54 MP: 7/9
  2799 | D:6      | XOM: potion effect (haste)
  2806 | D:6      | XOM: summons friendly shadow imp
  2824 | D:6      | XOM: noise
  2859 | D:6      | XOM: potion effect (attraction)
  2861 | D:6      | XOM: silly message
  2873 | D:6      | XOM: silly message
  2879 | D:6      | HP: 4/82 [killer bee (6)]
  2880 | D:6      | XOM: potion effect (attraction)
  2880 | D:6      | HP: 1/82 [killer bee (4)]
  2883 | D:6      | Slain by a killer bee

Illustrated notes

Levels and vault maps discovered:
D:1:      wander_arrival_fairy_ring, layout_loops_corners,
          shapermc_ecumenical_altar_mp_vishouse, minmay_rat_gold_closets
D:2:      layout_basic, basic_altar
D:3:      lemuel_castle_with_subvaults [lemuel_castle_interior_original],
          layout_loops_corners, minivault_14, minmay_cut_off, uniq_ijyb,
          uniq_robin
D:6:      layout_loops_corners, lemuel_round_altar,
          mainiacjoe_overflow_alcove_3,
          mainiacjoe_sewer_entry_somewhere_in_here_2, uniq_pikel, uniq_duvessa,
          uniq_menkaure

Skill      XL: |  1  2  3  4  5  6  7 |
---------------+----------------------+-----
Dodging        | 1 2 |  2.9
Armour         | 2 3 |  3.3
Stealth        | 1 2 |  2.0
Polearms       | 1 2 |  2.0
Spellcasting   | 1 |  1.7
Fighting       | 4 |  4.5
Evocations     | 1 2 |  2.0
Axes           | 4 |  4.3

Action                     |  1- 3 |  4- 6 |  7- 9 || total
---------------------------+-------+-------+-------++-------
  Melee: Hand axe          |    79 |    80 |    17 ||   176
         Dagger            |    66 |    70 |    17 ||   153
  Evoke: Wand              |       |       |     3 ||     3
    Use: Potion            |       |     3 |     3 ||     6
         Scroll            |       |     6 |     2 ||     8
   Stab: Sleeping          |     2 |     1 |       ||     3
         Confused          |     1 |       |       ||     1
         Paralysed         |       |     5 |       ||     5
 Armour: Leather armour    |    46 |    32 |       ||    78
         Chain mail        |       |    28 |    25 ||    53
         Skin              |       |       |     7 ||     7
  Dodge: Dodged            |    40 |    34 |     7 ||    81

Table legend: (Time is in decaauts)
 A = Elapsed time spent in this place.
 B = Non-inter-level travel time spent in this place.
 C = Inter-level travel time spent in this place.
 D = Time resting spent in this place.
 E = Time spent auto-exploring this place.
 F = Levels seen in this place.
 G = Mean time per level.
                   A        B        C        D        E       F      G
               +--------+--------+--------+--------+--------+-----+--------+
         Total |   2886 |   2786 |    100 |    187 |   2077 |   4 |  721.5 |
       Dungeon |   2886 |   2786 |    100 |    187 |   2077 |   4 |  721.5 |
               +--------+--------+--------+--------+--------+-----+--------+

Top non-repeatable levels by time:
     D:2: 1076 daAuts
     D:1: 922 daAuts
     D:3: 784 daAuts
     D:6: 103 daAuts
